 Dungeon Crawl Stone Soup version 0.32-a0-612-g1c984fe9d1 (webtiles) character file.

Game seed: 14270486628524384544

11890 Drazool the Skirmisher (level 11, -1/84 HPs)
             Began as a Coglin Hunter on Mar 5, 2024.
             Was a High Priest of Okawaru.
             Slain by a merfolk
             ... wielding a +0 trident
              (17 damage)
             ... on level 2 of the Lair of Beasts.
             The game lasted 00:44:05 (11983 turns).

Drazool the Skirmisher (Coglin Hunter)             Turns: 11983, Time: 00:44:06

Health: -1/84      AC: 11    Str: 13    XL:     11   Next: 84%
Magic:  15/16      EV: 20    Int:  8    God:    Okawaru [*****.]
Gold:   282        SH:  0    Dex: 21    Spells: 10/10 levels left

rFire   + . .        a - +2 sling {Yuphin}
rCold   . . .        d - +0 sling {Akal}
rNeg    . . .        y - +3 leather armour {rF+}
rPois   .            l - +0 helmet
rElec   .            h - +0 cloak
rCorr   .            e - +0 pair of gloves
SInv    .            k - +0 pair of boots
Will    .....        (amulet unavailable)
Stlth   ++           (ring unavailable)
HPRegen 0.34/turn    (ring unavailable)
MPRegen 0.15/turn    (no gizmo)

%: no passive effects
@: about to teleport, heroic, revved, very slow
A: off-hand wielding, slow wielding, warmup strikes, no jewellery
a: Invent Gizmo, Renounce Religion, Heroism, Finesse, Duel


You were on level 2 of the Lair of Beasts.
You worshipped Okawaru.
Okawaru was extremely pleased with you.
You visited 3 branches of the dungeon, and saw 13 of its levels.

You collected 642 gold pieces.
You spent 360 gold pieces at shops.


Innate Abilities, Weirdness & Mutations

You can wield a second weapon in your off-hand.
It takes a long time for you to wield or remove held weapons.
Your first few attacks do less damage.
You cannot equip rings or amulets.


   Skills:
 - Level 7.0(12.0) Fighting
 + Level 12.0(17.0) Ranged Weapons
 - Level 7.0(12.0) Dodging
 - Level 3.0(8.0) Stealth
 - Level 7.0 Invocations
 - Level 4.0 Evocations


You had 10 spell levels left.
You didn't know any spells.
Your spell library contained the following spells:

 Spells                   Type           Power      Damage    Failure   Level
 Apportation              Tloc           0%         N/A       47%         1
 Foxfire                  Conj/Fire      0%         2x1d4     47%         1
 Necrotise                Necr           0%         1d4       47%         1
 Shock                    Conj/Air       0%         1d3       47%         1
 Sting                    Conj/Alch      0%         1d3       47%         1
 Sublimation of Blood     Necr           0%         N/A       63%         2
 Sigil of Binding         Hex            0%         N/A       85%         3
 Stone Arrow              Conj/Erth      0%         3d7       85%         3
 Swiftness                Air            0%         N/A       85%         3
 Airstrike                Air            0%         2d(0-16)  99%         4
 Dimensional Bullseye     Hex/Tloc       0%         N/A       99%         4
 Petrify                  Alch/Erth      0%         N/A       99%         4
 Irradiate                Conj/Alch      0%         3d11      100%        5
 Plasma Beam              Fire/Air       0%         2x1d10    100%        6
 Starburst                Conj/Fire      0%         6d3       100%        6
 Lehudib's Crystal Spear  Conj/Erth      0%         10d2      100%        8
 Summon Small Mammal      Summ           Unusable   N/A       N/A         1
 Call Canine Familiar     Summ           Unusable   N/A       N/A         3
 Animate Armour           Summ/Erth      Unusable   N/A       N/A         4

Inventory:

Hand Weapons
 a - a +2 sling (weapon) {Yuphin}
 d - a +0 sling (offhand) {Akal}
Missiles
 b - a curare-tipped dart {=f}
Armour
 e - a +0 pair of gloves (worn)
 g - a +0 robe of resistance
 h - a +0 cloak (worn)
 j - the +3 ring mail of the Lair of Beasts {Int+2 Dex+4}
   (You found it on level 1 of the Lair of Beasts)

   Int+2:     It affects your intelligence (+2).
   Dex+4:     It affects your dexterity (+4).
 k - a +0 pair of boots (worn)
 l - a +0 helmet (worn)
 o - a scarf of resistance
 y - a +3 leather armour of fire resistance (worn)
Wands
 m - a wand of polymorph (1)
 t - a wand of flame (8)
Scrolls
 f - 3 scrolls of fog
 n - 5 scrolls of enchant weapon
 s - 2 scrolls of amnesia
Potions
 i - a potion of attraction {unknown}
 p - a potion of heal wounds {@q2}
 q - 2 potions of brilliance
 r - a potion of berserk rage {!q}
 u - a potion of haste {@q3}
 v - 2 potions of enlightenment
 x - a potion of might

Dungeon Overview and Level Annotations

Branches:
Dungeon (10/15)            Temple (1/1) D:5            Lair (2/5) D:10
  Swamp: Lair:2-3    Shoals: Lair:2-3     Snake: Lair:2-3    Spider: Lair:2-3
    Orc: D:9-12

Altars:
Ashenzari
Cheibriados
Dithmenos
Elyvilon
Fedhas
Gozag
Hepliaklqana
Kikubaaqudgha
Makhleb
Nemelex Xobeh
Okawaru
Qazlal
Ru
Sif Muna
Trog
Uskayaw
Vehumet
Wu Jian
Xom
Yredelemnul
Zin
The Shining One

Shops:
D:5 [

Annotations:
D:7 1 runed translucent door, Crazy Yiuf
D:10 1 runed translucent door, croobank's ghost, journeyman FeFi
Lair:1 exclusions: boulder beetle and cane toad

##.....#.#..###......▒▒
....................▒.▒
.#.....................
.......................
.......................
.......)....†..........
....................###
...................##
......P..~@##P#....#
..#...#..~m~###....#
##.......~m~.# ......
##......~~~~.#.....#
#...#..~~~....
#.......#~~#....
#.....~#~.##.....#
......~~~ #....#
...##~.~. .....


You could see a merfolk and a water nymph.


Message History

The water nymph is moderately wounded.
The merfolk closely misses you. The water nymph misses you.
Unknown command.
Unknown command.
The water nymph attacks as it pursues you!
The water nymph misses you.
The merfolk hits you from afar with a +0 trident!
Fire: a) +2 sling {Yuphin}
Press: ? - help, Q - select action, (/) - cycle Shift-Dir - straight line, f/p - merfolk
Aim: a merfolk, wielding a +0 trident (almost dead, 69% to hit)
You shoot a sling bullet. The sling bullet hits the water nymph.
The water nymph is moderately wounded.
You shoot a sling bullet. The sling bullet hits the water nymph.
The water nymph is moderately wounded.
The water nymph touches you! The water nymph drowns you!
* * * LOW HITPOINT WARNING * * *
The merfolk barely misses you.
Unknown command.
Unknown command.
Okay, then.
As you read the scroll of teleportation {@r2}, it crumbles to dust.
You feel strangely unstable. The water nymph touches you.
* * * LOW HITPOINT WARNING * * *
The water nymph drowns you!
* * * LOW HITPOINT WARNING * * *
Splash!
You fall into the shallow water.
Moving in this stuff is going to be slow.
The merfolk hits you from afar with a +0 trident!
You die...

Skill      XL: |  1  2  3  4  5  6  7  8  9 10 11 |
---------------+----------------------------------+-----
Ranged Weapons | 4 5 6 7 8 10 12 | 12.0
Fighting       | 3 5 7 |  7.0
Dodging        | 5 7 |  7.0
Invocations    | 2 4 6 7 |  7.0
Stealth        | 3 |  3.0
Evocations     | 4 |  4.0

Action                     |  1- 3 |  4- 6 |  7- 9 | 10-12 || total
---------------------------+-------+-------+-------+-------++-------
   Fire: Sling             |   134 |   218 |   766 |  1152 ||  2270
 Invoke: Heroism           |       |       |     2 |    10 ||    12
         Finesse           |       |       |       |     2 ||     2
  Evoke: Wand              |       |       |     1 |     7 ||     8
    Use: Scroll            |       |     3 |     3 |     7 ||    13
         Potion            |       |       |     3 |     3 ||     6
 Armour: Leather armour    |     4 |       |    51 |   160 ||   215
         Robe              |     2 |    11 |    69 |       ||    82
  Dodge: Dodged            |    11 |     4 |   142 |   183 ||   340

Levels and vault maps discovered:
D:1:      dpeg_arrival_radiant, layout_basic
D:2:      layout_rooms, minmay_misc_feat_chi, minmay_cut_off, uniq_sigmund
D:3:      layout_rooms, mainiacjoe_overflow_six_doors_small,
          mainiacjoe_overflow_paths
D:4:      layout_gridville, nicolae_qazlal_beasts_of_the_sky,
          roderic_roman_lattice
D:5:      layout_basic, minmay_temple_entry_butterflies, serial_shops,
          nicolae_shop_crystal, serial_library_hellmonk_open_square,
          uniq_menkaure, uniq_duvessa
D:6:      layout_rooms, corexii_checkpoint
D:7:      layout_cave_pools, amethyst_overflow_temple_binary, uniq_pikel,
          uniq_crazy_yiuf_cottage
D:8:      layout_rooms, serial_bayou, serial_bayou_pond_c, serial_bayou_pond_d,
          serial_bayou_pond_c, serial_bayou_shore_a
D:9:      layout_loops_corners, mainiacjoe_overflow_alcove_2,
          mainiacjoe_overflow_small_starburst, serial_rivers,
          chequers_serial_rivers_micro_c, chequers_serial_rivers_small_b,
          chequers_serial_rivers_large_a, chequers_serial_rivers_micro_c,
          chequers_serial_rivers_micro_a, chequers_serial_rivers_small_3,
          minmay_quadrilaterals
D:10:     layout_gridville, nicolae_wu_jian_immortal_techniques,
          erik_lair_island, ebering_ghost_reflecting_pool
Temple:   nicolae_temple_two_arcs
Lair:1:   layout_gridlike, beast_lair_carwin_7
Lair:2:   layout_regular_city, nicolae_shoals_entry_flooding,
          spider_nest_entry_webs, uniq_harold, uniq_gastronok, uniq_amaemon,
          uniq_nergalle

Notes
Turn   | Place    | Note
-------+----------+-------------------------------------------
     0 | D:1      | Drazool the Coglin Hunter began the quest for the Orb.
     0 | D:1      | Reached XP level 1. HP: 16/16 MP: 1/1
   265 | D:1      | Reached skill level 4 in Ranged Weapons
   265 | D:1      | Reached XP level 2. HP: 22/22 MP: 2/2
   491 | D:1      | Identified a +0 robe of resistance
   601 | D:1      | Reached XP level 3. HP: 25/27 MP: 3/3
   902 | D:2      | Reached skill level 5 in Ranged Weapons
   904 | D:2      | Reached XP level 4. HP: 33/33 MP: 4/4
   999 | D:2      | Noticed Sigmund
  1005 | D:2      | Killed Sigmund
  1006 | D:2      | Reached skill level 6 in Ranged Weapons
  1006 | D:2      | Reached XP level 5. HP: 38/38 MP: 5/5
  1006 | D:2      | Reached XP level 6. HP: 44/44 MP: 6/6
  1471 | D:3      | Reached skill level 7 in Ranged Weapons
  1814 | D:3      | Found a shadowy altar of Dithmenos.
  1865 | D:3      | Found a bloodstained altar of Trog.
  2106 | D:4      | Found a stormy altar of Qazlal.
  2106 | D:4      | Noticed a sky beast
  2137 | D:4      | Killed a sky beast
  2138 | D:4      | Reached XP level 7. HP: 50/50 MP: 7/7
  2383 | D:4      | Reached skill level 8 in Ranged Weapons
  2837 | D:5      | Entered Level 5 of the Dungeon
  2837 | D:5      | Noticed Duvessa
  2837 | D:5      | Noticed Dowan
  3083 | D:5      | Noticed Menkaure
  3171 | D:5      | Found a staircase to the Ecumenical Temple.
  3182 | Temple   | Entered the Ecumenical Temple
  3196 | Temple   | Became a worshipper of Warmaster Okawaru
  3327 | D:4      | Reached skill level 3 in Fighting
  3327 | D:4      | Reached XP level 8. HP: 49/59 MP: 8/8
  3714 | D:5      | Reached skill level 4 in Fighting
  3784 | D:5      | Found Wehi's Armour Emporium.
  3874 | D:6      | Reached skill level 5 in Fighting
  3874 | D:6      | Reached skill level 2 in Dodging
  4014 | D:6      | Reached * piety under Okawaru
  4015 | D:6      | Reached skill level 3 in Dodging
  4127 | D:6      | Reached skill level 4 in Dodging
  4256 | D:6      | You fall into a shaft and drop 2 floors!
  4268 | D:7      | Noticed a hornet
  4270 | D:7      | Reached skill level 5 in Dodging
  4357 | D:7      | Reached skill level 1 in Invocations
  4357 | D:7      | Noticed a wyvern
  4399 | D:6      | Reached ** piety under Okawaru
  4400 | D:6      | Reached skill level 2 in Invocations
  4400 | D:6      | Reached XP level 9. HP: 40/68 MP: 10/10
  4725 | D:6      | Reached skill level 3 in Invocations
  4897 | D:7      | Killed a hornet
  4898 | D:7      | Reached skill level 4 in Invocations
  4898 | D:7      | Reached skill level 2 in Stealth
  5041 | D:7      | Reached skill level 3 in Stealth
  5281 | D:7      | Noticed Pikel
  5338 | D:7      | Killed Pikel
  5338 | D:7      | Reached *** piety under Okawaru
  5339 | D:7      | Reached skill level 9 in Ranged Weapons
  5433 | D:7      | Found a snail-covered altar of Cheibriados.
  5444 | D:7      | Found a hazy altar of Hepliaklqana.
  5491 | D:7      | Reached skill level 10 in Ranged Weapons
  5603 | D:7      | Found a runed translucent door.
  5604 | D:7      | Noticed Crazy Yiuf
  5678 | D:7      | Reached XP level 10. HP: 74/74 MP: 13/13
  6285 | D:5      | Killed Duvessa
  6286 | D:5      | Reached skill level 6 in Fighting
  6292 | D:5      | Killed Dowan
  6548 | D:5      | Killed Menkaure
  6909 | D:8      | Reached skill level 7 in Fighting
  7452 | D:9      | Reached skill level 6 in Dodging
  7465 | D:9      | Found a radiant altar of Vehumet.
  7639 | D:9      | Found a sparkling altar of Nemelex Xobeh.
  7756 | D:9      | Reached **** piety under Okawaru
  8253 | D:9      | Reached skill level 7 in Dodging
  8288 | D:9      | Reached skill level 1 in Evocations
  8591 | D:10     | Entered Level 10 of the Dungeon
  8624 | D:10     | Found an ornate altar of the Wu Jian Council.
  8789 | D:5      | Bought a +3 leather armour of fire resistance for 360 gold
                  | pieces
  8916 | D:10     | Reached skill level 2 in Evocations
  8962 | D:10     | Reached skill level 3 in Evocations
  9074 | D:10     | Found a runed translucent door.
  9079 | D:10     | Noticed croobank's ghost (journeyman FeFi)
  9162 | D:10     | Reached skill level 5 in Invocations
  9162 | D:10     | Reached skill level 4 in Evocations
  9408 | D:10     | Noticed a two-headed ogre
  9423 | D:10     | Killed a two-headed ogre
  9423 | D:10     | Reached ***** piety under Okawaru
  9424 | D:10     | Reached skill level 6 in Invocations
  9424 | D:10     | Reached XP level 11. HP: 67/84 MP: 11/15
  9616 | D:10     | Found a staircase to the Lair.
 10087 | Lair:1   | Entered Level 1 of the Lair of Beasts
 10173 | Lair:1   | Reached skill level 7 in Invocations
 10471 | Lair:1   | Identified the +3 ring mail of the Lair of Beasts {Int+2
                  | Dex+4}
 10763 | Lair:1   | Noticed a boulder beetle
 10831 | Lair:1   | Reached skill level 11 in Ranged Weapons
 10867 | Lair:1   | Identified a scarf of resistance
 10877 | Lair:1   | Identified the +6 rapier of Spores {vamp, rPois rC+ Dex+3}
 11949 | Lair:2   | Reached skill level 12 in Ranged Weapons
 11954 | Lair:2   | Identified the +6 rapier of the Sugar Beet {elec, rN+ Str+3
                  | Dex+5}
 11983 | Lair:2   | Slain by a merfolk

Vanquished Creatures
  A two-headed ogre (D:10)
  Pikel (D:7)
  3 cane toads (Lair:1)
  A rime drake (Lair:1)
  A komodo dragon (Lair:1)
  3 trolls (D:10)
  A hornet (D:7)
  3 blink frogs
  Sigmund (D:2)
  A shadow (D:10)
  12 yaks
  3 wyverns
  A wraith (D:9)
  A steam dragon (D:10)
  Menkaure (D:5)
  An acid dragon (D:9)
  8 water moccasins
  Duvessa (D:5)
  A sky beast (D:4)
  5 orc warriors
  3 ice beasts
  3 black bears
  2 wolves (D:10)
  2 centaurs
  2 lemures (D:7)
  2 phantoms
  2 kobold brigands
  4 bullfrogs
  2 scorpions
  5 wights (D:9)
  Dowan (D:5)
  7 killer bees
  7 electric eels
  2 howler monkeys
  3 bombardier beetles
  9 hounds
  6 orc priests
  4 iguanas
  3 sleepcaps
  9 orc wizards
  3 gnolls (D:2)
  4 adders
  3 white imps
  2 ufetubi (D:5)
  A ribbon worm (D:2)
  30 orcs
  4 ball pythons
  8 endoplasms
  3 giant cockroaches
  9 goblins
  8 hobgoblins
  13 jackals
  3 quokkas
  9 bats
  6 frilled lizards
  9 kobolds
  3 rats
  A butterfly (D:5)
247 creatures vanquished.

Vanquished Creatures (others)
  A shadow (D:10)
1 creature vanquished.

Grand Total: 248 creatures vanquished

Table legend: (Time is in decaauts)
 A = Elapsed time spent in this place.
 B = Non-inter-level travel time spent in this place.
 C = Inter-level travel time spent in this place.
 D = Time resting spent in this place.
 E = Time spent auto-exploring this place.
 F = Levels seen in this place.
 G = Mean time per level.
                   A        B        C        D        E       F      G
               +--------+--------+--------+--------+--------+-----+--------+
         Total |  11969 |  11162 |    807 |   1758 |   6987 |  13 |  920.7 |
       Dungeon |  10092 |   9309 |    783 |   1280 |   5997 |  10 | 1009.2 |
        Temple |     24 |     24 |      0 |      0 |      0 |   1 |   24.0 |
          Lair |   1852 |   1828 |     24 |    477 |    990 |   2 |  926.0 |
               +--------+--------+--------+--------+--------+-----+--------+

Top non-repeatable levels by time:
  Lair:1: 1715 daAuts
     D:9: 1375 daAuts
     D:4: 1275 daAuts
    D:10: 1239 daAuts
     D:5: 1233 daAuts
     D:7: 1229 daAuts
     D:6: 904 daAuts
     D:1: 830 daAuts
     D:8: 778 daAuts
     D:3: 628 daAuts
     D:2: 595 daAuts
  Lair:2: 137 daAuts
  Temple: 24 daAuts

Table legend:
 A = Non-vault XP
 B = Vault XP
 C = Vault XP percentage of total XP
 D = Non-vault monster count
 E = Vault monster count
 F = Vault count percentage of total count
                 A         B        C        D         E       F
            +---------+---------+-------+---------+---------+-------
      Total |   13187 |    3800 |  22.4 |     215 |      30 |  12.2
            +---------+---------+-------+---------+---------+-------
        D:1 |      42 |       0 |   0.0 |      24 |       0 |   0.0
        D:2 |     123 |     238 |  65.9 |      29 |       5 |  14.7
        D:3 |     152 |       0 |   0.0 |      20 |       0 |   0.0
        D:4 |     310 |     132 |  29.9 |      12 |       1 |   7.7
        D:5 |     582 |     376 |  39.2 |      14 |       3 |  17.6
        D:6 |    1340 |       3 |   0.2 |      19 |       2 |   9.5
        D:7 |    1485 |     629 |  29.8 |      24 |       1 |   4.0
        D:8 |     547 |       0 |   0.0 |      19 |       0 |   0.0
        D:9 |    1022 |     717 |  41.2 |      20 |       6 |  23.1
       D:10 |    2188 |     678 |  23.7 |      10 |       6 |  37.5
     Lair:1 |    4212 |    1027 |  19.6 |      18 |       6 |  25.0
     Lair:2 |    1184 |       0 |   0.0 |       6 |       0 |   0.0
            +---------+---------+-------+---------+---------+-------
